AoeStats
← plutoniumdrache

Arabia

509897153Analyzed
1v1 RM · 2d ago on Sep 28, 2026· 39m 14s· 2 players
Game mode
Random Map
Map size
Tiny (2 player)
Population
200
Speed
Normal
Resources
Standard
Victory
Conquest
Starting age
Dark Age
Ending age
Imperial Age
RankedLock teamsTeams togetherTeam positionsShared explorationLock speedFull tech treeHidden civsTurbo modeCheats
Victory
Defeat
🇩🇪 Romans · Germany
1105
+14
🇨🇴 Bohemians · Colombia
1068
-14
Reibud
8:20 Loom
10:33 Feudal Age
19:33 Padded Archer Armor
19:23 Fletching
24:11 Castle Age
23:32 Forging
23:08 Double-Bit Axe
23:04 Horse Collar
23:35 Scale Barding Armor
25:07 Crossbowman
26:52 Bodkin Arrow
28:42 Wheelbarrow
28:29 Leather Archer Armor
29:43 Hand Cart
33:18 Bow Saw
37:17 Imperial Age
36:04 Heavy Plow
36:11 Town Watch
38:59 Town Patrol
plutoniumdrache
6:44 Loom
9:39 Feudal Age
9:43 Man-at-Arms
11:50 Double-Bit Axe
12:07 Horse Collar
16:55 Town Watch
18:17 Fletching
18:28 Scale Mail Armor
23:19 Castle Age
21:40 Gold Mining
22:50 Scale Barding Armor
22:55 Forging
23:24 Bloodlines
24:59 Chain Barding Armor
24:53 Bow Saw
25:58 Heavy Plow
28:09 Husbandry
31:01 Gold Shaft Mining
32:31 Iron Casting
35:59 Imperial Age
34:53 Wheelbarrow
34:19 Town Patrol
35:33 Bodkin Arrow
36:04 Ballistics
36:13 Masonry
37:07 Hand Cart
36:27 Cavalier
38:02 Plate Barding Armor
37:46 Capped Ram
Connection lost

Rejoining the realm…

Still unreachable

The connection could not be restored.

Session expired

The server has moved on; the page needs a fresh start.